 Dungeon Crawl Stone Soup version 0.28.0 (webtiles) character file.

Game seed: 15720972158014100862

459 flyleaff the Chiller (level 7, 0/50 HPs)
             Began as a Gnoll Ice Elementalist on Feb 6, 2022.
             Was an Initiate of Ashenzari.
             Slain by a wyvern skeleton (6 damage)
             ... on level 5 of the Dungeon on Feb 7, 2022.
             The game lasted 00:17:44 (5513 turns).

flyleaff the Chiller (Gnoll Ice Elementalist)       Turns: 5513, Time: 00:17:45

Health: 0/50       AC:  3    Str:  8    XL:     7   Next: 6%
Magic:  18/24      EV: 13    Int: 16    God:    Ashenzari [......]
Gold:   151        SH:  5    Dex: 12    Spells: 5/17 levels left

rFire   . . .      SeeInvis .   t - +1 dagger (flame)
rCold   . . .      Faith    .   (no shield)
rNeg    . . .      Spirit   .   a - +0 robe
rPois   .          Reflect  +   (no helmet)
rElec   .          Harm     .   (no cloak)
rCorr   .          Rampage  .   h - +0 pair of gloves
Will    .....                   (no boots)
Stlth   +++.......              o - amulet of reflection
HPRegen 0.16/turn               r - ring of magical power
MPRegen 0.19/turn               (no ring)

@: about to teleport
A: fangs 1, strong nose, distributed training
a: Renounce Religion, Curse Item


You were on level 5 of the Dungeon.
You worshipped Ashenzari.
Ashenzari was noncommittal.
You visited 2 branches of the dungeon, and saw 6 of its levels.
You also visited: Sewer.

You collected 151 gold pieces.

Inventory:

Hand Weapons
 b - a +0 short sword
 i - a +0 dagger of freezing
 l - a +0 rapier
 t - a +1 dagger of flaming (weapon)
Armour
 a - a +0 robe (worn)
 h - a +0 pair of gloves (worn)
 u - a +0 troll leather armour {Pargi}
Jewellery
 m - an amulet of guardian spirit
 o - an amulet of reflection (around neck)
 r - a ring of magical power (left hand)
Scrolls
 f - 2 scrolls of vulnerability
 g - a scroll of magic mapping
 j - 2 scrolls of brand weapon {unknown}
 k - a scroll of summoning {unknown}
 n - 6 scrolls of identify {unknown}
 p - a scroll of fear {unknown}
 s - a scroll of blinking {unknown}
Potions
 d - a potion of berserk rage
 e - 2 potions of degeneration
 q - a potion of curing


   Skills:
 + Level 2.2 Fighting
 + Level 2.2 Short Blades
 + Level 2.2 Long Blades
 + Level 2.2 Axes
 + Level 2.2 Maces & Flails
 + Level 2.2 Polearms
 + Level 2.2 Staves
 + Level 2.2 Slings
 + Level 2.2 Bows
 + Level 2.2 Crossbows
 + Level 2.2 Throwing
 + Level 2.2 Armour
 + Level 5.1 Dodging
 + Level 4.7 Stealth
 + Level 2.2 Shields
 + Level 2.2 Unarmed Combat
 + Level 5.5 Spellcasting
 + Level 1.8 Conjurations
 + Level 1.8 Hexes
 + Level 1.8 Summonings
 + Level 1.8 Necromancy
 + Level 1.8 Translocations
 + Level 1.8 Transmutations
 + Level 1.8 Fire Magic
 + Level 7.3 Ice Magic
 + Level 1.8 Air Magic
 + Level 1.8 Earth Magic
 + Level 1.8 Poison Magic
 + Level 2.5 Invocations
 + Level 2.2 Evocations


You had 5 spell levels left.
You knew the following spells:

 Your Spells              Type           Power      Damage    Failure   Level
a - Freeze                Ice            100%       1d11      1%          1
b - Frozen Ramparts       Ice            56%        1d7       1%          3
c - Ozocubu's Armour      Ice            28%        N/A       1%          3
d - Passwall              Tmut/Erth      8%         N/A       11%         2
e - Call Canine Familiar  Summ           10%        N/A       21%         3

Your spell library contained the following spells:

 Spells                   Type           Power      Damage    Failure   Level
 Ensorcelled Hibernation  Hex/Ice        38%        N/A       3%          2
 Portal Projectile        Hex/Tloc       20%        N/A       21%         3
 Swiftness                Air            10%        N/A       21%         3
 Hailstorm                Conj/Ice       19%        3d6       22%         4
 Leda's Liquefaction      Hex/Erth       5%         N/A       56%         4


Dungeon Overview and Level Annotations

Branches:
Dungeon (5/15)             Temple (1/1) D:4           Sewer (visited)

Altars:
Ashenzari
Cheibriados
Dithmenos
Elyvilon
Fedhas
Gozag
Hepliaklqana
Nemelex Xobeh
Okawaru
Qazlal
Ru
Sif Muna
Uskayaw
Wu Jian
Zin
The Shining One


Innate Abilities, Weirdness & Mutations

You have very sharp teeth.
Your uncanny sense of smell can sniff out nearby items.
Your experience applies equally to all skills.


Message History

A wyvern skeleton is nearby!
A wyvern skeleton is nearby!
A wyvern skeleton is nearby!
A wyvern skeleton is nearby!
A wyvern skeleton is nearby!
A wyvern skeleton is nearby!
A wyvern skeleton is nearby!
A wyvern skeleton is nearby!
A wyvern skeleton is nearby!
A wyvern skeleton is nearby!
A wyvern skeleton is nearby!
A wyvern skeleton is nearby!
A wyvern skeleton is nearby!
A wyvern skeleton is nearby!
A wyvern skeleton is nearby!
A wyvern skeleton is nearby!
A wyvern skeleton is nearby!
A wyvern skeleton is nearby!
A wyvern skeleton is nearby!
A wyvern skeleton is nearby!
A wyvern skeleton is nearby!
A wyvern skeleton is nearby!
A wyvern skeleton is nearby!
Welcome back, flyleaff the Gnoll Ice Elementalist.
Ashenzari says: Partake of my vision.
Partake of my curse.
Press ? for a list of commands and other information.
Press: ? - help, v - describe, . - travel The floor.
Cast which spell? (? or * to list)
Aiming: Freeze (safe; 1% risk of failure)
Press: ? - help, Shift-Dir - straight line, f - wyvern skeleton
Aim: a wyvern skeleton (moderately damaged)
You freeze the wyvern skeleton.
The wyvern skeleton resists.
The wyvern skeleton is moderately damaged.
The wyvern skeleton bites you!
* * * LOW HITPOINT WARNING * * *
As you read the scroll of teleportation, it crumbles to dust.
You feel strangely unstable. The wyvern skeleton misses you.
The wyvern skeleton bites you.
You die...

,,*#......###...#≈≈≈#
,,*#......# #...#≈≈≈#
,,*#......#*#...#≈.≈#
,,*###.....*#...#≈≈≈#**
,,,* #.....*#...#≈≈≈#,*
,,,* #.....,#...#≈≈≈#,*
,,,* #....,,*#..#≈≈≈#,*
,,,* **,,,,,,#.Z#...#$#
*,** *,,,,*,#..@[....#
*,** *,,,,#...########
,,,* *,,,,##..*
,,,****,,,,....*
,,,,,,**,,....>*
,,,,,,**,...###*
,,,,,,**,...**************
,,,,,,**,,,,*,,,,,,,,,,,,*
,,,,,,**,,,,*,,,,,,,,,,,,*


You could see a wyvern skeleton.

Vanquished Creatures
  A scorpion (D:5)
  A hound (D:5)
  A jelly (D:5)
  A hound skeleton (D:5)
  4 gnolls (D:2)
  7 adders
  A worm (D:5)
  A dart slug (D:2)
  An orc (D:5)
  10 ball pythons
  3 endoplasms
  3 giant cockroaches
  3 hobgoblins
  3 jackals (D:1)
  5 quokkas
  6 bats
  2 frilled lizards
  4 goblins
  A kobold (D:1)
  3 rats
61 creatures vanquished.

Vanquished Creatures (collateral kills)
  Pargi (Sewer)
  A phantom (D:4)
  A giant cockroach (D:4)
3 creatures vanquished.

Grand Total: 64 creatures vanquished

Notes
Turn   | Place    | Note
-------+----------+-------------------------------------------
     0 | D:1      | flyleaff the Gnoll Ice Elementalist began the quest for the
                  | Orb.
     0 | D:1      | Reached XP level 1. HP: 13/13 MP: 6/6
   441 | D:1      | Reached XP level 2. HP: 15/19 MP: 5/7
  1242 | D:2      | Reached skill level 5 in Spellcasting
  1242 | D:2      | Reached XP level 3. HP: 25/25 MP: 7/9
  1246 | D:2      | Learned a level 3 spell: Frozen Ramparts
  1250 | D:2      | Learned a level 3 spell: Ozocubu's Armour
  1490 | D:2      | Reached skill level 1 in Invocations
  1494 | D:2      | Reached skill level 1 in Fighting
  1494 | D:2      | Reached skill level 1 in Short Blades
  1494 | D:2      | Reached skill level 1 in Long Blades
  1494 | D:2      | Reached skill level 1 in Axes
  1494 | D:2      | Reached skill level 1 in Maces & Flails
  1494 | D:2      | Reached skill level 1 in Polearms
  1494 | D:2      | Reached skill level 1 in Staves
  1494 | D:2      | Reached skill level 1 in Slings
  1494 | D:2      | Reached skill level 1 in Bows
  1494 | D:2      | Reached skill level 1 in Crossbows
  1494 | D:2      | Reached skill level 1 in Throwing
  1494 | D:2      | Reached skill level 1 in Armour
  1494 | D:2      | Reached skill level 1 in Shields
  1494 | D:2      | Reached skill level 1 in Unarmed Combat
  1494 | D:2      | Reached skill level 1 in Evocations
  1496 | D:2      | Reached XP level 4. HP: 14/32 MP: 4/11
  2210 | D:2      | Reached skill level 1 in Conjurations
  2210 | D:2      | Reached skill level 1 in Hexes
  2210 | D:2      | Reached skill level 1 in Summonings
  2210 | D:2      | Reached skill level 1 in Necromancy
  2210 | D:2      | Reached skill level 1 in Translocations
  2210 | D:2      | Reached skill level 1 in Transmutations
  2210 | D:2      | Reached skill level 1 in Fire Magic
  2210 | D:2      | Reached skill level 1 in Air Magic
  2210 | D:2      | Reached skill level 1 in Earth Magic
  2210 | D:2      | Reached skill level 1 in Poison Magic
  2694 | D:3      | Reached XP level 5. HP: 29/37 MP: 5/12
  3278 | D:4      | Learned a level 2 spell: Passwall
  3383 | D:4      | Found a staircase to the Ecumenical Temple.
  3411 | Temple   | Entered the Ecumenical Temple
  3602 | Temple   | Became a worshipper of Ashenzari the Shackled
  3646 | D:4      | Noticed a phantom
  4037 | D:4      | Learned a level 3 spell: Call Canine Familiar
  4629 | D:4      | Killed a phantom
  4678 | D:5      | Entered Level 5 of the Dungeon
  4709 | D:5      | Reached XP level 6. HP: 37/44 MP: 13/13
  4732 | D:5      | Reached skill level 5 in Dodging
  5177 | D:5      | Found a glowing drain.
  5207 | Sewer    | Entered a sewer
  5245 | Sewer    | Noticed Pargi
  5275 | Sewer    | Killed Pargi
  5276 | Sewer    | Reached XP level 7. HP: 30/50 MP: 15/15
  5513 | D:5      | Slain by a wyvern skeleton

Illustrated notes

Levels and vault maps discovered:
D:1:      roderic_octagonal_star, layout_loops_corners
D:2:      layout_loops_ring, minmay_misc_feat_tiny, minmay_shallow_snake_nest
D:3:      layout_basic
D:4:      layout_loops_cross, minmay_temple_entry_gardened_gates
D:5:      layout_basic, portal_sewer_entry_f
Temple:   eino_temple_rhombus

Skill      XL: |  1  2  3  4  5  6 |
---------------+-------------------+-----
Spellcasting   | 5 |  5.5
Invocations    | 1 2 |  2.5
Fighting       | 1 2 |  2.2
Short Blades   | 1 2 |  2.2
Long Blades    | 1 2 |  2.2
Axes           | 1 2 |  2.2
Maces & Flails | 1 2 |  2.2
Polearms       | 1 2 |  2.2
Staves         | 1 2 |  2.2
Slings         | 1 2 |  2.2
Bows           | 1 2 |  2.2
Crossbows      | 1 2 |  2.2
Throwing       | 1 2 |  2.2
Armour         | 1 2 |  2.2
Shields        | 1 2 |  2.2
Unarmed Combat | 1 2 |  2.2
Evocations     | 1 2 |  2.2
Conjurations   | 1 |  1.8
Hexes          | 1 |  1.8
Summonings     | 1 |  1.8
Necromancy     | 1 |  1.8
Translocations | 1 |  1.8
Transmutations | 1 |  1.8
Fire Magic     | 1 |  1.8
Air Magic      | 1 |  1.8
Earth Magic    | 1 |  1.8
Poison Magic   | 1 |  1.8
Dodging        | 5 |  5.1
Stealth        | |  4.7
Ice Magic      | |  7.3

Action                   |  1- 3 |  4- 6 |  7- 9 || total
-------------------------+-------+-------+-------++-------
Melee: Unarmed           |    13 |       |       ||    13
       Short sword       |    30 |       |       ||    30
       Punch             |     1 |     3 |       ||     4
       Dagger            |     5 |   220 |    18 ||   243
       Bite              |       |    26 |     3 ||    29
 Cast: Freeze            |     6 |     6 |     8 ||    20
       Frozen Ramparts   |     2 |     7 |       ||     9
       Ozocubu's Armour  |       |     6 |       ||     6
       Call Canine Famil |       |     3 |       ||     3
  Use: Potion            |       |     3 |       ||     3
       Scroll            |       |     6 |     1 ||     7
 Stab: Sleeping          |    11 |     5 |       ||    16
Armor: Robe              |     3 |    62 |     1 ||    66
Dodge: Dodged            |    36 |   147 |    13 ||   196
Block: Other             |       |    47 |     2 ||    49
